Map: 机械城 - 天梯版

Players

Demi

  • Race: Zerg Zerg
  • League: Diamond

puCK (Nina) - Winner!

  • Race: Protoss Protoss

Event: WESG 2018 Grand Finals

VOD

Have the link to the VOD?

Description

Time

  • Played on: March 11, 2019, 5:22 a.m.
  • Length: 15:26

All games in this series

Show
View Real Time Build Order
Export as new Build Order

Demi Zerg 

Build Orders: Pool First 

Get SALT Encoding   

  12  0:01  Drone  
  13  0:13  Overlord  
  13  0:18  Drone  
  14  0:31  Drone x2  
  16  0:48  Drone  
  16  0:49  Drone  
  18  0:51  Extractor  
  18  0:53  Spawning Pool  
  16  0:59  Drone  
  17  1:18  Hatchery  
  16  1:25  Drone  
  17  1:40  Queen  
  17  1:41  Zergling x2  
  17  1:44  Drone  
  21  1:52  Metabolic Boost  
  21  2:00  Overlord  
  21  2:12  Drone  
  22  2:18  Queen  
  22  2:20  Drone x2  
  26  2:29  Drone  
  27  2:40  Zergling x2  
  27  2:41  Zergling x2  
  29  2:50  Hatchery  
  28  2:53  Zergling x2  
  28  2:54  Zergling x2  
  30  2:59  Overlord  
  30  3:02  Drone  
  31  3:07  Drone x2  
  32  3:20  Spore Crawler  
  32  3:22  Drone x3  
  32  3:26  Drone  
  32  3:27  Drone x2  
  37  3:31  Spore Crawler  
  37  3:35  Spore Crawler  
  37  3:37  Drone  
  37  3:40  Drone  
  38  3:48  Drone  
  38  3:54  Drone x3  
  40  3:59  Roach Warren  
  40  4:00  Drone  
  38  4:06  Drone  
  38  4:08  Drone  
  38  4:09  Drone x2  
  42  4:13  Zergling x6  
  44  4:19  Drone  
  44  4:21  Spore Crawler  
  44  4:22  Overlord  
  44  4:28  Overlord  
  44  4:31  Queen  
  44  4:34  Extractor  
  44  4:35  Drone  
  44  4:36  Drone  
  47  4:40  Drone  
  47  4:43  Drone  
  47  4:44  Drone x2  
  51  4:48  Lair  
  51  4:51  Overlord  
  51  4:52  Drone  
  53  4:54  Drone  
  54  5:00  Drone x4  
  54  5:05  Zergling x4  
  59  5:12  Drone  
  59  5:13  Drone x2  
  61  5:15  Drone x2  
  61  5:18  Drone  
  60  5:23  Drone  
  60  5:24  Drone x2  
  61  5:34  Extractor  
  60  5:35  Drone  
  60  5:36  Drone x5  
  60  5:42  Drone  
  67  5:43  Overlord  
  67  5:49  Extractor  
  66  5:50  Extractor  
  65  5:58  Drone  
  65  5:59  Drone x7  
  73  6:05  Spore Crawler  
  73  6:09  Hydralisk Den  
  72  6:11  Drone x4  
  72  6:12  Queen  
  72  6:18  Extractor x2  
  72  6:19  Spire  
  72  6:25  Overlord  
  70  6:29  Evolution Chamber  
  70  6:30  Drone x8  
  70  6:31  Drone x3  
  80  6:46  Overlord x2  
  80  6:47  Overlord x2  
  80  6:52  Zergling x8  
  83  7:00  Zerg Melee Weapons Level 1  
  83  7:06  Zergling x2  
  83  7:07  Zergling x12  
  90  7:17  Overlord  
  89  7:32  Roach x9  
  89  7:35  Hatchery  
  101  7:47  Drone x4  
  105  7:52  Zerg Flyer Weapons Level 1, Mutalisk x2  
  105  7:53  Mutalisk x5  
  120  7:59  Hatchery  
  120  8:00  Overlord, Mutalisk  
  120  8:02  Mutalisk  
  123  8:09  Overlord  
  123  8:16  Mutalisk  
  123  8:17  Mutalisk x3  
  123  8:19  Hatchery  
  129  8:22  Overseer  
  129  8:28  Overlord x2  
  129  8:30  Mutalisk  
  130  8:34  Glial Reconstitution  
  130  8:40  Zergling x14  
  137  8:42  Overlord x2  
  137  8:48  Extractor  
  137  8:51  Spore Crawler  
  137  8:52  Extractor  
  133  9:02  Mutalisk  
  131  9:03  Mutalisk x3  
  131  9:08  Zergling x2  
  131  9:09  Zergling x12  
  146  9:21  Overlord x2  
  146  9:23  Drone x4  
  150  9:37  Overlord  
  150  9:38  Overlord  
  150  9:44  Mutalisk x6  
  156  9:51  Hatchery  
  144  10:00  Drone x4  
  147  10:10  Drone x2  
  147  10:11  Drone x3, Extractor  
  147  10:12  Drone x3  
  147  10:13  Zerg Melee Weapons Level 2  
  154  10:16  Extractor  
  153  10:29  Pneumatized Carapace  
  153  10:32  Mutalisk x7  
  168  10:35  Zergling x2  
  168  10:36  Zergling x22  
  168  10:41  Zerg Flyer Weapons Level 2  
  165  11:05  Mutalisk  
  165  11:06  Mutalisk x5  
  173  11:16  Mutalisk  
  173  11:17  Mutalisk  
  177  11:20  Zergling x2  
  177  11:21  Zergling x16  
  186  11:26  Baneling Nest  
  186  11:29  Extractor  
  186  11:30  Hatchery, Extractor  
  186  11:31  Drone  
  186  11:32  Spore Crawler  
  169  11:47  Corruptor  
  169  11:48  Corruptor x5  
  158  11:55  Zergling x2  
  158  11:56  Zergling x14  
  158  11:59  Drone x3  
  158  12:00  Drone  
  167  12:06  Corruptor  
  169  12:09  Queen  
  169  12:14  Corruptor x2  
  173  12:20  Drone x4  
  173  12:21  Drone  
  173  12:22  Drone  
  179  12:25  Centrifical Hooks  
  179  12:30  Overseer  
  179  12:33  Drone  
  180  12:38  Zergling x18  
  180  12:39  Zergling x2  
  180  12:43  Infestation Pit  
  187  12:49  Mutalisk x2  
  191  12:53  Baneling x4  
  191  13:03  Spore Crawler, Mutalisk  
  191  13:04  Mutalisk x3  
  191  13:05  Spore Crawler  
  191  13:16  Corruptor x4  
  191  13:17  Corruptor  
  192  13:20  Drone x3  
  192  13:26  Spire  
  184  13:35  Hive  
  184  13:38  Zergling x2  
  184  13:39  Zergling x16  
  136  14:43  Mutalisk x12  
  136  14:44  Mutalisk x9  
  170  14:49  Zergling x20  
  170  14:50  Zergling x2  
  177  14:55  Zergling x6  
  177  14:58  Mutalisk x2  
  177  15:02  Mutalisk  
  181  15:07  Zergling x2  
  181  15:08  Zergling x4  
Show
View Real Time Build Order
Export as new Build Order

puCK Protoss - Winner!

Build Orders: 1 Gate Expand, Oracle Opening, Archon Immortal 

Get SALT Encoding   

  12  0:01  Probe  
  13  0:13  Probe  
  14  0:20  Pylon  
  14  0:26  Probe  
  15  0:34  Probe  
  15  0:42  Gateway  
  16  0:43  Probe  
  17  0:53  Assimilator  
  17  0:55  Probe  
  18  1:07  Probe  
  19  1:19  Probe  
  20  1:31  Nexus  
  20  1:40  Cybernetics Core  
  20  1:45  Probe  
  21  1:49  Assimilator  
  21  1:58  Pylon  
  21  1:59  Probe  
  22  2:07  Adept  
  22  2:11  Probe  
  25  2:23  Probe  
  25  2:26  Stargate  
  26  2:34  Probe  
  26  2:35  Warp Gate  
  27  2:39  Probe  
  27  2:42  Probe  
  28  2:47  Probe  
  28  2:51  Adept  
  31  2:56  Probe, Gateway  
  32  3:01  Probe  
  34  3:08  Probe  
  35  3:13  Oracle  
  35  3:14  Probe  
  39  3:22  Probe  
  39  3:24  Sentry  
  39  3:25  Probe  
  39  3:26  Pylon  
  38  3:33  Probe  
  41  3:34  Probe  
  41  3:39  Pylon  
  43  3:42  Probe  
  43  3:46  Probe  
  45  3:48  Pylon  
  45  3:49  Oracle  
  45  3:54  Probe  
  49  3:58  Probe  
  50  4:06  Probe  
  51  4:10  Probe  
  52  4:18  Probe  
  52  4:23  Probe  
  54  4:24  Nexus  
  54  4:25  Adept x2  
  54  4:27  Pylon  
  54  4:29  Pylon, Oracle  
  54  4:30  Probe  
  62  4:46  Adept, Probe  
  62  4:48  Pylon, Adept  
  62  4:50  Gateway  
  67  4:53  Probe  
  67  4:58  Probe, Assimilator x2  
  69  5:11  Probe  
  70  5:22  Probe  
  70  5:24  Probe  
  70  5:25  Robotics Facility  
  70  5:27  Robotics Facility  
  66  5:32  Pylon  
  66  5:34  Probe  
  67  5:36  Probe  
  67  5:40  Adept x2  
  72  5:43  Pylon  
  72  5:45  Probe  
  72  5:46  Probe  
  72  5:47  Probe  
  75  5:50  Forge  
  75  5:52  Twilight Council  
  75  5:53  Probe  
  75  5:55  Probe  
  75  5:58  Probe  
  75  5:59  Zealot  
  75  6:00  Zealot x2  
  75  6:01  Probe  
  75  6:03  Probe  
  84  6:10  Probe  
  87  6:11  Immortal  
  87  6:12  Probe, Immortal  
  88  6:19  Probe  
  88  6:22  Probe  
  88  6:25  Probe, Assimilator  
  99  6:26  Assimilator  
  99  6:27  Protoss Ground Weapons Level 1  
  99  6:31  Pylon  
  99  6:40  Probe x2  
  99  6:43  Charge  
  99  6:46  Gateway, Templar Archives  
  101  6:47  Gateway  
  101  6:50  Immortal  
  101  6:53  Adept x3  
  111  6:56  Phoenix  
  111  6:59  Immortal  
  115  7:05  Photon Cannon  
  117  7:10  Photon Cannon  
  117  7:18  Photon Cannon  
  121  7:30  Gateway, Immortal  
  121  7:32  Gateway  
  121  7:34  Gateway  
  121  7:38  Psionic Storm  
  121  7:39  Pylon  
  121  7:40  Pylon  
  121  7:46  Immortal  
  125  8:09  Immortal  
  129  8:13  High Templar x4  
  129  8:16  Protoss Ground Weapons Level 2  
  137  8:21  Nexus  
  137  8:22  Pylon  
  137  8:26  Pylon  
  141  8:40  Blink  
  141  8:41  Pylon  
  141  8:46  Shield Battery, Photon Cannon  
  141  8:47  Photon Cannon x2  
  141  8:49  Photon Cannon  
  141  8:50  Pylon, Archon  
  141  8:51  Archon  
  141  8:54  Stalker x2  
  141  8:55  Stalker x2  
  137  9:05  Stalker x3  
  137  9:06  Stalker  
  135  9:11  Photon Cannon  
  132  9:19  Pylon  
  132  9:20  Photon Cannon  
  132  9:24  Stargate  
  132  9:26  Photon Cannon  
  132  9:27  Stargate  
  132  9:30  Stalker x3  
  136  9:39  High Templar  
  136  9:42  Zealot x2  
  136  9:43  Zealot  
  143  9:58  Stargate  
  143  9:59  Stargate  
  142  10:00  Probe x2  
  142  10:01  Probe  
  142  10:02  High Templar  
  142  10:03  Assimilator  
  146  10:07  Photon Cannon, Assimilator  
  146  10:09  Photon Cannon, Phoenix  
  146  10:12  Pylon x2, Phoenix  
  146  10:13  Probe x2  
  148  10:14  Archon  
  152  10:31  Phoenix  
  152  10:32  Probe x2  
  156  10:37  Phoenix  
  158  10:44  Fleet Beacon  
  155  10:50  Probe  
  155  10:51  Photon Cannon  
  155  10:52  Protoss Air Weapons Level 1  
  155  10:53  Photon Cannon  
  155  10:56  Phoenix  
  158  11:03  Stalker x4  
  160  11:05  Phoenix  
  154  11:18  Pylon  
  154  11:22  Phoenix  
  156  11:26  High Templar x2  
  156  11:31  Archon  
  160  11:45  Zealot  
  160  11:46  Zealot x5  
  170  11:48  Anion Pulse-Crystals  
  170  11:49  Phoenix  
  170  11:53  Phoenix  
  152  11:56  Phoenix  
  156  12:11  High Templar x2  
  156  12:12  Phoenix  
  158  12:18  Phoenix  
  158  12:21  Photon Cannon  
  160  12:23  Phoenix  
  160  12:24  Photon Cannon  
  160  12:26  Shield Battery  
  162  12:31  Shield Battery  
  162  12:36  Observer  
  163  12:37  Phoenix  
  163  12:39  High Templar x2  
  169  12:45  Nexus  
  169  12:46  Protoss Air Weapons Level 2  
  169  12:48  Pylon, Zealot x6  
  181  13:00  Archon  
  181  13:02  Phoenix  
  180  13:15  High Templar  
  180  13:16  High Templar  
  184  13:26  Archon  
  178  13:27  High Templar x2  
  164  13:40  Zealot  
  164  13:41  Zealot x3  
  172  13:45  Pylon  
  172  13:46  Gateway, Phoenix x3  
  172  13:47  Pylon  
  178  13:48  Gateway  
  178  13:52  Nexus  
  173  14:03  High Templar x2  
  173  14:07  Archon  
  172  14:13  Zealot x4  
  172  14:14  Zealot x2  
  178  14:20  Probe  
  159  14:26  Phoenix  
  159  14:30  Probe  
  162  14:42  Stalker x5  
  172  14:52  Pylon  
  172  14:54  Pylon  
  172  15:04  Probe x2  
  180  15:11  Probe x3  
  180  15:12  Templar Archives  
Tags
 
Add a new tag
Caveats
  • Supply blocks, unpowered buildings, or Contaminate may cause inaccurate times.
  • Supply counts are checked every 10 seconds.